[Event "Late-Titled-Tuesday-Blitz-August-29-2023"]
[Site "Chess.com"]
[Date "2023.08.29"]
[Round "2"]
[White "Mikhail_Golubev"]
[Black "XDPS"]
[Result "0-1"]
[WhiteElo "2554"]
[BlackElo "2874"]
[TimeControl "180+1"]
[EndTime "14:18:20 PDT"]
[Termination "XDPS won on time"]

1. e4 c5 2. Nf3 d6 3. d4 cxd4 4.
Nxd4 Nf6 5. Nc3 a6 6. Bc4 e6 7. Bb3 b5 8. O-O Qb6 9. Qf3 Nbd7 10. Be3 Qb7 11. Rfe1 Be7 12. Qg3 O-O 13. Nd5 Bd8 14. Nxf6+ Nxf6 15. f3 Be7 16. a4 Bd7 17. axb5 axb5 18.
Bh6 Ne8 19. Rxa8 Qxa8 20. Bg5 Bxg5 21. Qxg5 Qa5 22. Rd1 h6 23. Qd2 Qb6 24. Qf2 Qb7 25. Ne2 Bc6 26. Nf4 Bd7 27. Qd2 Qc7 28. Kh1 Qc5 29.
Nd3 Qb6 30. Nb4 Bc8 31. c3 Bb7 32. Qd4 Qa5 33. h3 h5 34. Kh2 h4 35. Qf2 g5 36.
Qe3 Qd8 37. e5 d5 38. Nc2 Bc6 39. Nd4 Bd7 40. f4 f6 41. exf6 gxf4 0-1

[Event "Late-Titled-Tuesday-Blitz-August-29-2023"]
[Site "Chess.com"]
[Date "2023.08.29"]
[Round "2"]
[White "Zkid"]
[Black "dcremisi"]
[Result "1-0"]
[WhiteElo "2856"]
[BlackElo "2543"]
[TimeControl "180+1"]
[EndTime "14:18:20 PDT"]
[Termination "Zkid won by resignation"]

1. e4 e6 2. d4 d5 3. Nd2 dxe4 4. Nxe4 Nd7 5. Nf3 Ngf6 6. Nxf6+ Nxf6 7. Bg5 Be7 8. Bd3 b6 9. Ne5 Bd7 10. Qf3 O-O 11. Qh3 g6 12. Qf3 Be8 13. O-O-O Qd5 14. Qxd5 Nxd5 15. Bh6 Nb4 16. Bc4 b5 17. Bb3 a5 18. c3 a4 19. cxb4 axb3 20. a3 f6 21. Bxf8 Bxf8 22. Nd3 Bc6 23. f3 Bh6+ 24. Kb1 Rd8 25.
Nc5 Kf7 26. Nxb3 Rd5 27. Rd3 Rd6 28. Rc3 Ke7 29. Na5 Bd5 30. Rxc7+ Kf8 31. Rxh7 Be3 32. Re1 Bxd4 33. Rc1 Kg8 34. Re7 Kf8 35. Rcc7 Bg1 36. Rf7+ Kg8 37. Rg7+ Kf8 38. Rxg6 Bxh2 39. Rh6 Be4+ 40.
fxe4 Rd1+ 41. Kc2 Rc1+ 42. Kxc1 Bf4+ 43. Kc2 Bxc7 44. Rh7 1-0

[Event "Late-Titled-Tuesday-Blitz-August-29-2023"]
[Site "Chess.com"]
[Date "2023.08.29"]
[Round "2"]
[White "reevecanada"]
[Black "TanitoluwaAps116"]
[Result "0-1"]
[WhiteElo "2530"]
[BlackElo "2786"]
[TimeControl "180+1"]
[EndTime "14:18:20 PDT"]
[Termination "TanitoluwaAps116 won by checkmate"]

1. e4 c5 2. Nf3 Nc6 3. Bb5 g6 4. O-O Bg7 5. Re1 Qc7 6. c3 e5 7. Na3 Nge7 8. Nc2 O-O 9. Ne3 d6 10. Nd5 Nxd5 11. exd5 Ne7 12. d4 cxd4 13. cxd4 e4 14.
Rxe4 Bf5 15. Re1 Nxd5 16. Bg5 h6 17. Bh4 Qb6 18. Bc4 Nb4 19. Bb3 Nd3 20. Re2 Rfe8 21.
Rd2 Nf4 22. Bg3 Ne6 23. Ba4 Red8 24. Rc1 Rac8 25. Bc2 Bg4 26. d5 Ng5 27. h3 Nxf3+ 28. gxf3 Bxh3 29. Kh2 Bd7 30. Bb3 h5 31. Re2 Rxc1 32.
Qxc1 Bf6 33. Qf4 Kg7 34. Bh4 Bxh4 35. Qxh4 Rf8 36. Re3 Bf5 37. Kg3 Qc5 38. Qg5 f6 39.
Re7+ Rf7 40. Rxf7+ Kxf7 41. Qh6 Qd4 42. Qh7+ Kf8 43.
Qxb7 h4+ 44. Kh2 Qxf2+ 45. Kh1 Qxf3+ 46. Kg1 Qg3+ 47. Kh1 Be4# 0-1

[Event "Late-Titled-Tuesday-Blitz-August-29-2023"]
[Site "Chess.com"]
[Date "2023.08.29"]
[Round "2"]
[White "Kombinator01"]
[Black "giomar27"]
[Result "0-1"]
[WhiteElo "2453"]
[BlackElo "2262"]
[TimeControl "180+1"]
[EndTime "14:18:20 PDT"]
[Termination "giomar27 won by resignation"]

1. d4 Nf6 2. Bf4 b6 3. Nf3 Bb7 4. Nc3 e6 5. g3 Bb4 6. Bg2 Ne4 7. Qd3 f5 8. Nd2 d5 9. f3 Bxc3 10. bxc3 Nd6 11. e4 O-O 12. Qe3 Ba6 13. exd5 exd5 14. Qe6+ Kh8 15. Qxd5 Re8+ 16. Kd1 Bb7 17. Qb3 Qe7 18.
Bxd6 cxd6 19. Kc1 Nc6 20. Qb5 Rac8 21. Kb2 Qe3 22. Qd3 Qe6 23. Rae1 Qd5 24. Nb3 a5 25. c4 Qf7 26. f4 Nb4 27. Qd2 Bxg2 28. Qxg2 Qf6 29.
Qd2 Nc6 30. Qc3 a4 31. d5 a3+ 32. Kc1 Qxc3 33. dxc6 Qb2+ 34. Kd1 Qb1+ 35. Kd2 Qb2 36. c7 Rxe1 37. Rxe1 Qf6 38. c5 dxc5 39. Kd3 Qd6+ 40. Kc4 Qxc7 41. Re5 h6 42. Rxf5 Qc6 43. Re5 b5+ 44. Kc3 c4 45. Nd4 b4+ 46. Kxb4 Qb6+ 47. Kc3 Qb2+ 48. Kd2 Qxd4+ 0-1

[Event "Late-Titled-Tuesday-Blitz-August-29-2023"]
[Site "Chess.com"]
[Date "2023.08.29"]
[Round "2"]
[White "secretsuperstar7"]
[Black "viktorskliarov"]
[Result "1-0"]
[WhiteElo "2394"]
[BlackElo "2697"]
[TimeControl "180+1"]
[EndTime "14:18:21 PDT"]
[Termination "secretsuperstar7 won by checkmate"]

1. e4 c5 2. Nf3 Nc6 3. Bb5 e6 4. Bxc6 bxc6 5. e5 f6 6. d4 cxd4 7. exf6 Nxf6 8. Nxd4 c5 9. Nf3 Ba6 10. b3 Be7 11. c4 d5 12. Qe2 Ne4 13. Nbd2 Bf6 14.
Rb1 Nc3 15. Qxe6+ Qe7 16. Qxe7+ Kxe7 17. Rb2 Rhe8 18. Rc2 Kf7+ 19. Kf1 Re6 20. Bb2 d4 21. g4 Rae8 22. g5 Bd8 23. Bxc3 dxc3 24. Rxc3 Bb7 25. h4 Ba5 26. b4 Bxb4 27. Rb3 Bc6 28. Rh3 Re2 29. Rd3 Kg8 30. h5 Bxf3 31. Nxf3 Rxa2 32.
h6 g6 33. Rd7 Rc2 34. Rg7+ Kf8 35.
Rxh7 Ree2 36. Rh2 a5 37. Rb7 Bc3 38. h7 a4 39. h8=Q+ Bxh8 40. Rxh8# 1-0

[Event "Late-Titled-Tuesday-Blitz-August-29-2023"]
[Site "Chess.com"]
[Date "2023.08.29"]
[Round "2"]
[White "SergioMoralesG"]
[Black "laskakid"]
[Result "1-0"]
[WhiteElo "2454"]
[BlackElo "2172"]
[TimeControl "180+1"]
[EndTime "14:18:21 PDT"]
[Termination "SergioMoralesG won by checkmate"]

1. d4 d5 2. c4 c6 3. Nf3 Nf6 4. e3 Bf5 5. Nc3 e6 6. Nh4 Be4 7. f3 Bg6 8. Bd2 Nbd7 9. Nxg6 hxg6 10. Qb3 Qc7 11. O-O-O Be7 12. g3 dxc4 13. Bxc4 O-O 14. e4 e5 15. dxe5 Nxe5 16. Be2 Rfd8 17. Be3 b5 18. Kb1 a5 19. f4 Neg4 20. Bg1 b4 21. Na4 Rxd1+ 22. Qxd1 Nh6 23. Bf3 Rd8 24. Qe2 c5 25.
Be3 Qc6 26. Qc2 Nhg4 27. Bxc5 Bxc5 28. Nxc5 Rc8 29. Rc1 Qb5 30. e5 Ne3 31. Qd2 Nc4 32. Qe2 Rxc5 33. exf6 gxf6 34. Rd1 b3 35. axb3 Qxb3 36.
Ka1 a4 37. Bd5 a3 38. Qe8+ Kg7 39. Qxf7+ Kh6 40. Qf8+ Kh7 41. Bg8+ Kh8 42. Bf7+ Kh7 43. Qg8+ Kh6 44. Qxg6# 1-0

[Event "Late-Titled-Tuesday-Blitz-August-29-2023"]
[Site "Chess.com"]
[Date "2023.08.29"]
[Round "2"]
[White "AungTZ"]
[Black "Training_Day"]
[Result "0-1"]
[WhiteElo "2028"]
[BlackElo "2440"]
[TimeControl "180+1"]
[EndTime "14:18:21 PDT"]
[Termination "Training_Day won on time"]

1. e4 e5 2. Nf3 Nc6 3. d4 exd4 4.
Nxd4 Bc5 5. Nb3 Bb4+ 6. c3 Be7 7. Bd3 d6 8. O-O Nf6 9. c4 Ne5 10. Nc3 Nxd3 11. Qxd3 O-O 12. Be3 Re8 13. Rad1 Ng4 14.
Bf4 Bf6 15. h3 Ne5 16. Bxe5 Bxe5 17. Rfe1 Be6 18. Nd4 Qf6 19. b3 c6 20. Nce2 Qh4 21. Nf3 Qh5 22. Nxe5 dxe5 23. Ng3 Qg6 24. Kh2 h5 25.
Qf3 h4 26. Nf5 Qg5 27. Qe3 Qxe3 28. Rxe3 g5 29. Nd6 Re7 30. c5 b6 31. Rc3 Rd7 32. cxb6 axb6 33. Rxc6 Rxa2 34. Kg1 b5 35. Rc3 Rb2 0-1

[Event "Late-Titled-Tuesday-Blitz-August-29-2023"]
[Site "Chess.com"]
[Date "2023.08.29"]
[Round "2"]
[White "Mili_Brizzi"]
[Black "Laico"]
[Result "0-1"]
[WhiteElo "2010"]
[BlackElo "2431"]
[TimeControl "180+1"]
[EndTime "14:18:21 PDT"]
[Termination "Laico won by checkmate"]

1. e4 e6 2. d3 d5 3. Nd2 Nf6 4. Ngf3 dxe4 5. dxe4 Bc5 6. Bd3 e5 7. O-O Nc6 8. Re1 h6 9. h3 O-O 10. Nf1 Qe7 11. c3 Nh5 12. b4 Bb6 13. a4 a6 14.
Ne3 Rd8 15. Qc2 Nf4 16. Bf1 Qf6 17. Nd2 Qg6 18. Kh2 Kh8 19. Ba3 Qh5 20. g4 Qh4 21. Nf3 Qf6 22. Ng1 Ng6 23. Nf5 Nh4 24. b5 Bxf5 25.
exf5 axb5 26. axb5 Ne7 27. c4 Bd4 28. Bb2 h5 29.
Bxd4 exd4 30. Rxa8 Rxa8 31. Qe4 Ng8 32. Qxb7 Ra2 33.
Re2 Ra1 34. Bg2 hxg4 35. hxg4 Qh6 36. Kg3 Ra3+ 37. f3 Nf6 38. Qc8+ Kh7 39. Qxc7 Nh5+ 40.
gxh5 Qg5+ 41. Kh2 d3 42. Re1 Qxg2# 0-1

[Event "Late-Titled-Tuesday-Blitz-August-29-2023"]
[Site "Chess.com"]
[Date "2023.08.29"]
[Round "2"]
[White "Sinquefield"]
[Black "AvitalBor"]
[Result "0-1"]
[WhiteElo "2444"]
[BlackElo "2744"]
[TimeControl "180+1"]
[EndTime "14:18:23 PDT"]
[Termination "AvitalBor won by resignation"]

1. d4 Nf6 2. Nf3 g6 3. Bg5 Bg7 4. Nbd2 d5 5. e3 c5 6. c3 Ne4 7. Nxe4 dxe4 8. Nd2 Qd5 9. Bf4 cxd4 10.
exd4 Nc6 11. Bc4 Qf5 12. Bg3 O-O 13. Qe2 e5 14. d5 Na5 15. Bb5 Rd8 16. b4 Rxd5 17.
bxa5 Bh6 18. Nxe4 Rxb5 19. Qxb5 Qxe4+ 20. Qe2 Qxe2+ 21. Kxe2 f6 22. f3 Be6 23. Rhd1 Rc8 24. Be1 Kf7 25. Rab1 Rc7 26. Rb2 Bc4+ 27. Kf2 Ke6 28. Bd2 Bf8 29. Be3 Ba3 30. Rbd2 a6 31.
Bb6 Rc6 32. Rd7 Bb5 33. Rc7 Bc5+ 34. Ke1 Rxc7 35. Bxc7 Bc4 36. Rd2 h5 37. Rb2 Bd5 38.
Bb6 Ba3 39. Rc2 Bc4 40. Rd2 Bd6 41. Kf2 g5 42. Be3 Be7 43. g3 Bd6 44. Rb2 Bd5 45. Rb6 Bc6 46. Rb2 Bc7 47. Bb6 Bd6 48. c4 Ba3 49.
Rd2 Be7 50. Ke3 f5 51. f4 gxf4+ 52. gxf4 Bd6 53. fxe5 Bxe5 54. Rd8 f4+ 55. Kf2 Kf5 56. Rh8 Bxh8 0-1

[Event "Late-Titled-Tuesday-Blitz-August-29-2023"]
[Site "Chess.com"]
[Date "2023.08.29"]
[Round "2"]
[White "aa175"]
[Black "Jumbo"]
[Result "0-1"]
[WhiteElo "2607"]
[BlackElo "2949"]
[TimeControl "180+1"]
[EndTime "14:18:25 PDT"]
[Termination "Jumbo won by resignation"]

1. d4 Nf6 2. Bf4 c5 3. e3 cxd4 4. exd4 Qb6 5. Nc3 a6 6. a3 d5 7. Bd3 Nc6 8. Nge2 Bg4 9. f3 Bh5 10. O-O Bg6 11. Re1 e6 12. Kh1 Be7 13. Na4 Qd8 14.
c3 O-O 15. Ng3 Re8 16. Nc5 Bxc5 17. dxc5 e5 18. Bg5 d4 19. c4 Re6 20. Ne4 Qf8 21. Bxf6 gxf6 22. b4 a5 23. b5 Ne7 24. Nd6 b6 25. cxb6 Rxd6 26. c5 Re6 27. Bc4 Qd8 28. Qb3 a4 29. Qa2 Rxb6 30. cxb6 Qxb6 31. Qd2 Nf5 32. Qb4 Ne3 33. Rxe3 dxe3 34. h4 Rd8 35. Re1 Rd4 36. Kg1 Bd3 37. Rc1 e2 38. Kh2 Rxh4+ 39.
Kg3 Rxc4 40. Rxc4 Bxc4 41. Qxc4 e1=Q+ 42. Kh3 Qe6+ 0-1

[Event "Late-Titled-Tuesday-Blitz-August-29-2023"]
[Site "Chess.com"]
[Date "2023.08.29"]
[Round "2"]
[White "Vladimir_Zakhartsov"]
[Black "HamedWafa4"]
[Result "1-0"]
[WhiteElo "2916"]
[BlackElo "2579"]
[TimeControl "180+1"]
[EndTime "14:18:26 PDT"]
[Termination "Vladimir_Zakhartsov won by resignation"]

1. e4 e5 2. Nf3 Nc6 3. Nc3 Nf6 4. a3 d5 5. Bb5 Qd6 6. exd5 Nxd5 7. O-O Nxc3 8. bxc3 Bg4 9. h3 Bh5 10. Re1 O-O-O 11.
d3 Bg6 12. Bxc6 Qxc6 13. Nxe5 Qxc3 14. Bd2 Qc5 15. Rb1 Bd6 16. Qg4+ f5 17. Qf3 c6 18. Nc4 Bc7 19. Be3 Qd5 20. Bxa7 Qxf3 21. gxf3 b5 22.
Ne5 Kb7 23. Bc5 Bxe5 24. Rxe5 Rhe8 25. f4 Rxe5 26. fxe5 Ra8 27. e6 Kc7 28. e7 Bf7 29. Re1 Re8 30. Re5 g6 31. h4 Kd7 32. Kg2 Bd5+ 33.
Kg3 Ra8 34. Kf4 h6 35. h5 gxh5 36. Rxf5 h4 37. Rf8 Re8 38. Kg4 h3 39. Kxh3 Be6+ 40. Kh4 Bd5 41. f4 Bf3 42. f5 Bd1 43. f6 Bxc2 44.
f7 Rxe7 45. Rd8+ 1-0

[Event "Late-Titled-Tuesday-Blitz-August-29-2023"]
[Site "Chess.com"]
[Date "2023.08.29"]
[Round "2"]
[White "HajiyevKanan"]
[Black "Garmendiarov"]
[Result "0-1"]
[WhiteElo "2479"]
[BlackElo "2313"]
[TimeControl "180+1"]
[EndTime "14:18:26 PDT"]
[Termination "Garmendiarov won on time"]

1. d4 Nf6 2. Nf3 g6 3. c4 Bg7 4. g3 O-O 5. Bg2 c6 6. O-O d5 7. b3 dxc4 8. bxc4 c5 9. Bb2 cxd4 10. Nxd4 Qb6 11. Qb3 Nbd7 12. e3 Nc5 13. Qxb6 axb6 14. Rd1 Bg4 15. f3 Bd7 16. Nc3 Rfc8 17. e4 e5 18. Nb3 Na4 19. Nxa4 Bxa4 20. Bf1 Nd7 21. Rd6 Bf8 22. Rd5 f6 23. Bh3 Rc7 24. Rad1 Nc5 25. Rd8 Rxd8 26. Rxd8 Bxb3 27. axb3 Nxb3 28. f4 Kf7 29. fxe5 Bc5+ 30. Kg2 fxe5 31. Bxe5 Re7 32. Bf4 Rxe4 33. Kf3 Re7 34. Rh8 Nd4+ 35. Kg2 Kg7 36. Rb8 Re2+ 37. Kf1 Rxh2 38. Rxb7+ Kf6 39. Bc8 Nf3 0-1

[Event "Late-Titled-Tuesday-Blitz-August-29-2023"]
[Site "Chess.com"]
[Date "2023.08.29"]
[Round "2"]
[White "albi1999"]
[Black "DanielNaroditsky"]
[Result "1/2-1/2"]
[WhiteElo "2686"]
[BlackElo "3107"]
[TimeControl "180+1"]
[EndTime "14:18:29 PDT"]
[Termination "Game drawn - insufficient material"]

1. d4 Nf6 2. c4 g6 3. Nc3 Bg7 4. Nf3 d6 5. Bg5 Bf5 6. e3 Ne4 7. Nxe4 Bxe4 8. Be2 c5 9. O-O h6 10. Bh4 Qb6 11. Qd2 Nd7 12. Rfd1 g5 13. Bg3 O-O 14.
Rac1 Nf6 15. Ne1 Bg6 16. Bd3 cxd4 17. exd4 Qxd4 18. Bxg6 Qxd2 19. Bxf7+ Rxf7 20. Rxd2 Rc8 21. Rdc2 Ne4 22. Rd1 h5 23. f3 Nxg3 24. hxg3 Be5 25. Kf2 h4 26. gxh4 gxh4 27. b3 Rh7 28. Re2 Rf8 29. Re4 h3 30. Rg4+ Kf7 31. Nd3 Bf6 32. Rh1 Rfh8 33. g3 a6 34. a4 b5 35. axb5 axb5 36. cxb5 Rb8 37. Rb4 Bc3 38. Rc4 Bf6 39. Rb4 d5 40. b6 Rxb6 41. Rxb6 Bd4+ 42. Ke2 Bxb6 43. Nf4 h2 44. Nxd5 Bg1 45. Nf4 Rh8 46. Kf1 Rb8 47. Ne2 Bc5 48. Rxh2 Rxb3 49. f4 Rf3+ 50. Kg2 Re3 51. Kh3 Bd6 52. Rg2 Kf6 53.
Kg4 Re4 54. Ng1 e5 55. Re2 Rxe2 56. Nxe2 exf4 57. gxf4 Bxf4 1/2-1/2

[Event "Late-Titled-Tuesday-Blitz-August-29-2023"]
[Site "Chess.com"]
[Date "2023.08.29"]
[Round "2"]
[White "Mops_2004"]
[Black "dennisodessa"]
[Result "0-1"]
[WhiteElo "2771"]
[BlackElo "2546"]
[TimeControl "180+1"]
[EndTime "14:18:29 PDT"]
[Termination "dennisodessa won by resignation"]

1. Nf3 Nf6 2. g3 b6 3. Bg2 Bb7 4. O-O e6 5. c4 Be7 6. Nc3 O-O 7. Re1 Ne4 8. Nxe4 Bxe4 9. d3 Bb7 10. e4 c5 11. d4 cxd4 12. Nxd4 d6 13. b3 a6 14. a4 Nd7 15. Ba3 Qc7 16. Ra2 Rfd8 17. Bb4 Nc5 18. Rd2 Rac8 19. h4 Qb8 20. f4 Qa8 21. Rde2 Bf8 22. h5 e5 23. Nf5 g6 24.
Nh4 exf4 25. gxf4 Be7 26. Nf3 Nxe4 27. Nd4 f5 28. Ne6 Re8 29. Bxe4 Bxe4 30. Qd4 Kf7 31.
Ng5+ Bxg5 32. fxg5 Re6 33. h6 Rg8 34. Qxb6 Qb8 35.
a5 d5 36. Qc5 Rc8 37. Qd4 Qg3+ 38. Kf1 Bg2+ 39. Kg1 Bf3+ 40. Kf1 Bxe2+ 41. Rxe2 Qf3+ 42.
Qf2 Qxe2+ 43. Qxe2 Rxe2 44. Kxe2 dxc4 0-1

[Event "Late-Titled-Tuesday-Blitz-August-29-2023"]
[Site "Chess.com"]
[Date "2023.08.29"]
[Round "2"]
[White "fastestmindalive"]
[Black "Noki102"]
[Result "1-0"]
[WhiteElo "2745"]
[BlackElo "2445"]
[TimeControl "180+1"]
[EndTime "14:18:29 PDT"]
[Termination "fastestmindalive won on time"]

1. e4 e5 2. Nf3 Nc6 3. d4 exd4 4.
Bc4 Nf6 5. e5 d5 6. Bb5 Ne4 7. Nxd4 Bc5 8. Be3 O-O 9. Bxc6 bxc6 10. Nd2 Ba6 11. Nxe4 dxe4 12. Nxc6 Qxd1+ 13. Rxd1 Bxe3 14. fxe3 Rfe8 15. Rd7 Bb5 16. Rxc7 Bxc6 17. Rxc6 Rxe5 18. Ke2 Rg5 19. g3 h5 20. Rc4 h4 21. Rxe4 hxg3 22. hxg3 g6 23. g4 Rc8 24. c3 Rb5 25. g5 Rxb2+ 26.
Kf3 Rc5 27. Rg1 Rf5+ 28. Kg4 Rbb5 29. Kh4 Rf3 30. a4 Ra5 31. Rd1 Kg7 32. Rd7 Rf2 33. c4 Rg2 34. Rf4 Rgxg5 35. Rfxf7+ Kg8 36. Rg7+ Kf8 37. Rdf7+ Ke8 38. Rxa7 Rh5+ 39. Kg4 Rhg5+ 40. Kf4 Rgf5+ 41. Ke4 Rae5+ 42. Kd4 1-0

[Event "Late-Titled-Tuesday-Blitz-August-29-2023"]
[Site "Chess.com"]
[Date "2023.08.29"]
[Round "2"]
[White "Malev212"]
[Black "GM_dmitrij"]
[Result "0-1"]
[WhiteElo "2666"]
[BlackElo "3054"]
[TimeControl "180+1"]
[EndTime "14:18:30 PDT"]
[Termination "GM_dmitrij won by resignation"]

1. e4 c5 2. Nf3 Nc6 3. Bb5 g6 4. O-O Bg7 5. Re1 e5 6. Bxc6 dxc6 7. a4 Qe7 8. d3 Nf6 9. Bg5 O-O 10. a5 h6 11. Be3 Nd7 12. Qc1 Kh7 13. Nbd2 Rd8 14.
Nc4 Nf8 15. Ra3 Bg4 16. Nfd2 Bd7 17. f4 exf4 18. Bxf4 Be6 19. h3 g5 20. Bg3 Ng6 21. Rf1 Rd7 22. Ra1 Rad8 23. Qe1 Re8 24. Kh1 Qd8 25.
Qf2 Bd4 26. Qf3 b5 27. axb6 axb6 28. e5 Bd5 29. Qh5 Nxe5 30. Nxe5 Bxe5 31. Bxe5 Rxe5 32. c4 Be6 33. Ne4 Kg7 34. Rf6 Qh8 35. Raf1 Qh7 36. Nd6 Kg8 37. Rxe6 Rxe6 38. Nf5 Rf6 39. Qg4 Kf8 40.
Ra1 Qxf5 41. Ra8+ Kg7 0-1

[Event "Late-Titled-Tuesday-Blitz-August-29-2023"]
[Site "Chess.com"]
[Date "2023.08.29"]
[Round "2"]
[White "Machteld145"]
[Black "wild3000"]
[Result "1-0"]
[WhiteElo "2504"]
[BlackElo "2320"]
[TimeControl "180+1"]
[EndTime "14:18:30 PDT"]
[Termination "Machteld145 won by checkmate"]

1. e4 a6 2. Nf3 e6 3. d4 d5 4.
e5 c5 5. c3 Nc6 6. Bd3 Nge7 7.
O-O Nf5 8. Bxf5 exf5 9. Bg5 Qc7 10. dxc5 Be6 11. Be3 a5 12. Nd4 Qxe5 13. Re1 Nxd4 14.
Bxd4 Qc7 15. b4 O-O-O 16. Be5 Qc6 17. Na3 Be7 18. Bd4 Bf6 19. b5 Qc7 20. c6 b6 21.
Bxf6 gxf6 22. Qd4 Rhg8 23. f4 Rg6 24. Nc2 h5 25. Ne3 h4 26. Rad1 Rdg8 27. c4 dxc4 28. Nxc4 Rxg2+ 29. Kh1 Bxc4 30. Qxc4 Rf2 31. Rf1 Rxf1+ 32.
Qxf1 h3 33. Qc4 Rd8 34. Qf1 Rxd1 35. Qxd1 Qe7 36. Qd2 Qe4+ 37. Kg1 Qe7 38. Kf2 Qc5+ 39. Kg3 Qa3+ 40. Kh4 Qe7 41. Kxh3 a4 42. Kg3 Qa3+ 43. Kg2 Qe7 44. Qd3 a3 45. h4 Kc7 46. h5 Kb8 47.
h6 Qf8 48. h7 Qg7+ 49. Kf2 Qxh7 50. Qd8+ Ka7 51. Qc7+ Ka8 52. Qb7# 1-0

[Event "Late-Titled-Tuesday-Blitz-August-29-2023"]
[Site "Chess.com"]
[Date "2023.08.29"]
[Round "2"]
[White "ChEsper99"]
[Black "colegiodemadrid"]
[Result "0-1"]
[WhiteElo "2126"]
[BlackElo "2443"]
[TimeControl "180+1"]
[EndTime "14:18:31 PDT"]
[Termination "colegiodemadrid won on time"]

1. e4 e5 2. Nf3 Nc6 3. Bc4 Bc5 4. d3 Nf6 5. O-O O-O 6. h3 d6 7. c3 h6 8. Re1 Bb6 9. Bb3 Ne7 10. Be3 Bxe3 11.
Rxe3 Ng6 12. d4 Qe7 13. Bc2 b6 14. Nbd2 Nf4 15. Nf1 c5 16. Ng3 g6 17. Ne2 N6h5 18. Nxf4 Nxf4 19. Kh2 h5 20. Qd2 Kg7 21. Rd1 Ba6 22. dxe5 dxe5 23. Qd7 Rfe8 24. Rd2 f6 25. g3 Ne6 26. Bb3 Nf8 27. Qxe7+ Rxe7 28. Re1 c4 29.
Ba4 Ne6 30. Red1 Nc5 31. Bc6 Rc8 32. Bd5 b5 33. b3 Rcc7 34. h4 Bc8 35. bxc4 bxc4 36.
Rb1 Bg4 37. Kg2 Nd3 38. Rb8 f5 39. exf5 gxf5 40. Bxc4 e4 41. Rg8+ Kh6 42. Rh8+ Rh7 43. Rxh7+ Rxh7 0-1

[Event "Late-Titled-Tuesday-Blitz-August-29-2023"]
[Site "Chess.com"]
[Date "2023.08.29"]
[Round "2"]
[White "IamSchrodingersCat"]
[Black "Eternauta2400"]
[Result "1/2-1/2"]
[WhiteElo "2549"]
[BlackElo "2830"]
[TimeControl "180+1"]
[EndTime "14:18:32 PDT"]
[Termination "Game drawn by repetition"]

1. e4 c6 2. Nc3 d5 3. Nf3 dxe4 4.
Nxe4 Nf6 5. Qe2 Nxe4 6. Qxe4 Nd7 7. Bc4 Nf6 8. Ne5 e6 9. Qe2 b5 10. Bb3 Qc7 11. d4 Bd6 12. O-O O-O 13. Re1 a5 14. c3 a4 15. Bc2 h6 16. Qf3 Nd5 17. Qg4 f5 18. Qh5 Bb7 19. a3 Rae8 20.
Nf3 c5 21. Bd3 c4 22. Bc2 Nf6 23. Qh3 Be4 24. Bxe4 Nxe4 25. Nd2 Ng5 26. Qh5 Qf7 27. Qxf7+ Nxf7 28. Nf1 Nd8 29. Bd2 Nc6 30. f4 Kf7 31.
Re2 Ne7 32. Rae1 Nd5 33. g3 Re7 34. Ne3 Nf6 35. d5 Nxd5 36. Nxd5 exd5 37. Rxe7+ Bxe7 38. Be3 Bf6 39. Bd4 Rb8 40. Bxf6 gxf6 41. Rd1 Ke6 42.
Kf2 Kd6 43. Ke3 Re8+ 44. Kd2 Kc5 45. Rf1 h5 46. Rg1 d4 47. cxd4+ Kxd4 48. Rf1 Kc5 49.
Rf2 Re4 50. Kc2 b4 51. axb4+ Kxb4 52. Rd2 Re1 53. Rf2 Ra1 54. Re2 a3 55. bxa3+ Rxa3 56. Re6 Ra2+ 57. Kc1 Rxh2 58. Rxf6 Kc3 59. Kb1 Rh1+ 60.
Ka2 Rh2+ 61. Kb1 Kb3 62. Rb6+ Ka3 63. Ra6+ Kb4 64. Rb6+ Kc3 65. Rf6 1/2-1/2

[Event "Late-Titled-Tuesday-Blitz-August-29-2023"]
[Site "Chess.com"]
[Date "2023.08.29"]
[Round "2"]
[White "cottage_cheese"]
[Black "merinasian"]
[Result "1-0"]
[WhiteElo "2287"]
[BlackElo "2462"]
[TimeControl "180+1"]
[EndTime "14:18:32 PDT"]
[Termination "cottage_cheese won by resignation"]

1. e4 d6 2. d4 g6 3. Nc3 Bg7 4. Nf3 Nd7 5. Be2 e6 6. O-O Ne7 7. Be3 a6 8. Qd2 h6 9. a4 b6 10.
Rfe1 Bb7 11. Rad1 Nf6 12. e5 Nfd5 13. Nxd5 Nxd5 14. exd6 cxd6 15. c4 Nxe3 16. fxe3 O-O 17. Rf1 d5 18. Rc1 dxc4 19. Rxc4 Qd5 20. Rc7 Rac8 21. Rfc1 Rxc7 22. Rxc7 Rd8 23. Qb4 Qe4 24. Kf2 Bd5 25. Qxb6 Re8 26. Qxa6 e5 27. Bd3 Qg4 28. h3 Qh5 29. e4 Be6 30. d5 Bxd5 31. exd5 e4 32.
Bxe4 Rxe4 33. Qd3 Rxa4 34. d6 Rb4 35. d7 Rxb2+ 36. Kg1 Bf6 37. d8=Q+ Bxd8 38. Qxd8+ Kg7 39. Qd4+ Kh7 40. Qxb2 Qc5+ 41. Rxc5 1-0

[Event "Late-Titled-Tuesday-Blitz-August-29-2023"]
[Site "Chess.com"]
[Date "2023.08.29"]
[Round "2"]
[White "IMGC"]
[Black "andriipalchuk"]
[Result "0-1"]
[WhiteElo "2402"]
[BlackElo "2684"]
[TimeControl "180+1"]
[EndTime "14:18:33 PDT"]
[Termination "andriipalchuk won by resignation"]

1. d4 Nf6 2. e3 d5 3. c3 c5 4.
Bd3 Nc6 5. Nd2 g6 6. Ngf3 Bg7 7. O-O Nd7 8. Qe2 O-O 9. Bb5 e5 10. Bxc6 bxc6 11. dxe5 Nxe5 12. Nxe5 Bxe5 13. e4 Re8 14. Qf3 Bc7 15. Re1 Qh4 16. g3 Qh3 17. Qg2 Qxg2+ 18. Kxg2 Ba6 19. Nb3 Bb6 20. e5 c4 21. Nd4 c5 22. Nf3 Bb7 23. Kg1 d4 24. Nd2 Bd5 25.
Ne4 Bxe4 26. Rxe4 f5 27. Re1 Kf7 28. Bf4 Rad8 29. Rad1 dxc3 30. bxc3 Rd3 31. Rxd3 cxd3 32. c4 Ke6 33. Rd1 Rd8 34. f3 Rd4 35. Kf2 Rxc4 36.
Rxd3 Rc2+ 37. Rd2 c4+ 38. Ke2 Rxd2+ 39. Kxd2 Bd4 40. Be3 Bxe3+ 41. Kxe3 Kxe5 42. f4+ Kd5 43. h3 Kc5 44. g4 Kd5 45. gxf5 gxf5 46. h4 h5 47. a3 a5 48. a4 Kc5 0-1

[Event "Late-Titled-Tuesday-Blitz-August-29-2023"]
[Site "Chess.com"]
[Date "2023.08.29"]
[Round "2"]
[White "Zlatan56"]
[Black "Nf3c5"]
[Result "0-1"]
[WhiteElo "2914"]
[BlackElo "2616"]
[TimeControl "180+1"]
[EndTime "14:18:34 PDT"]
[Termination "Nf3c5 won on time"]

1. d4 Nf6 2. Nf3 e6 3. Bg5 h6 4. Bh4 d6 5. Nbd2 g5 6. Bg3 Nh5 7. c3 f5 8. e3 Nd7 9. Bc4 Ndf6 10. O-O Qe7 11. a4 Bg7 12. a5 Bd7 13. a6 b6 14. Qe2 O-O 15. Bb5 c6 16. Bd3 Rad8 17.
Nc4 Bc8 18. Nfd2 Nxg3 19. hxg3 e5 20. dxe5 dxe5 21. e4 f4 22. gxf4 gxf4 23. Nf3 Ng4 24. Rfd1 Qf7 25. Ncd2 Qh5 26. Nf1 Kh8 27. Bc4 Bf6 28. Bb3 Be7 29. Rxd8 Rxd8 30. Rd1 Rf8 31. Ne1 b5 32. Nd3 Bxa6 33. f3 Nf6 34. Ra1 Bc8 35.
Rxa7 Bd6 36. Qf2 Qg6 37. Qb6 Bh3 38. Ne1 Nd7 39. Rxd7 Bxd7 40. Qb7 Qg7 41. Kh1 Bc5 0-1

[Event "Late-Titled-Tuesday-Blitz-August-29-2023"]
[Site "Chess.com"]
[Date "2023.08.29"]
[Round "2"]
[White "Ajedrecista3000"]
[Black "Chessdemon2019"]
[Result "0-1"]
[WhiteElo "2693"]
[BlackElo "2385"]
[TimeControl "180+1"]
[EndTime "14:18:34 PDT"]
[Termination "Chessdemon2019 won by resignation"]

1. Nf3 g6 2. g3 Bg7 3. Bg2 Nf6 4. O-O O-O 5. d4 d5 6. c3 c6 7. Re1 Nbd7 8. Nbd2 Qc7 9. e4 dxe4 10. Nxe4 Nxe4 11.
Rxe4 Nf6 12. Bf4 Qd8 13. Re1 Be6 14. Rxe6 fxe6 15. Ng5 Qb6 16. Nxe6 Qxb2 17. Rb1 Qxa2 18. Nxf8 Rxf8 19. Rxb7 Nd5 20. Bxd5+ Qxd5 21. Rxe7 c5 22. Be5 Bxe5 23. Rxe5 Qf7 24. Qe2 cxd4 25. cxd4 Qd7 26. d5 Qd6 27. h4 Kg7 28. h5 Rf7 29. Qe3 a5 30. Qg5 Qf6 31. h6+ Kf8 32. Qe3 Re7 33.
f4 Qd6 34. Qd4 Rxe5 35. fxe5 Qb4 36. Qf2+ Ke8 37. e6 Qb1+ 38. Kh2 Qf5 39. Qa7 Qh5+ 40. Kg1 Qd1+ 41. Kf2 Qd2+ 42. Kf3 Qxd5+ 43. Ke2 Qxe6+ 44. Kd2 Qd7+ 45. Qxd7+ Kxd7 0-1